 Dungeon Crawl Stone Soup version 0.30-a0-739-gea05faddec (webtiles) character file.

Game seed: 1406028822633051921

52 porpoise the Chopper (level 3, -10/34 HPs)
             Began as a Hill Orc Monk on Feb 5, 2023.
             Mangled by Crazy Yiuf
             ... wielding a +2 quarterstaff of chaos
              (13 damage)
             ... on level 2 of the Dungeon.
             The game lasted 00:04:44 (1240 turns).

porpoise the Chopper (Hill Orc Monk)                Turns: 1240, Time: 00:04:45

Health: -10/34     AC:  3    Str: 15    XL:     3   Next: 85%
Magic:  0/3        EV: 12    Int: 10    God:
Gold:   71         SH:  0    Dex: 13    Spells: 2/2 levels left

rFire   . . .      SeeInvis .    a - +0 hand axe
rCold   . . .      Faith    .    (no shield)
rNeg    . . .      Spirit   .    j - +0 leather armour
rPois   .          Reflect  .    (no helmet)
rElec   .          Harm     .    (no cloak)
rCorr   .          Rampage  .    (no gloves)
Will    .....                    (no boots)
Stlth   ++                       (no amulet)
HPRegen 0.25/turn                (no ring)
MPRegen 0.08/turn                (no ring)

@: hasted, very quick
A: no striking features
a: no special abilities


You were on level 2 of the Dungeon.
You visited 1 branch of the dungeon, and saw 2 of its levels.

You collected 71 gold pieces.

Inventory:

Hand Weapons
 a - a +0 hand axe (weapon)
 b - a +0 sling
Missiles
 k - 3 poisoned darts
Armour
 j - a +0 leather armour (worn)
Scrolls
 d - a scroll of fear {unknown}
 f - 2 scrolls of immolation {unknown}
 g - 2 scrolls of identify {unknown}
 h - a scroll of noise {unknown}
 i - a scroll of teleportation {unknown}
 l - a scroll of blinking {unknown}
Potions
 c - a potion of ambrosia
 e - a potion of haste


   Skills:
 + Level 4.3 Fighting
 * Level 5.6 Axes
 - Level 2.4 Dodging
 - Level 1.5 Stealth


You had 2 spell levels left.
You didn't know any spells.
Your spell library contained the following spells:

 Spells                   Type           Power      Damage    Failure   Level
 Kiss of Death            Conj/Necr      0%         2d5       43%         1
 Confusing Touch          Hex            0%         N/A       80%         3
 Dispel Undead            Necr           0%         3d6       99%         4


Dungeon Overview and Level Annotations

Branches:
Dungeon (2/15)

Altars:
Ru

Annotations:
D:2 Crazy Yiuf


Message History

Things that are here:
a +0 dagger; a stone; a kobold corpse You hit the frilled lizard.
You kill the frilled lizard!
You hit the bat. The bat barely misses you. The bat closely misses you.
The bat misses you. The bat misses you.
You closely miss the bat.
The bat is severely wounded.
The bat hits you but does no damage.
b - a +0 sling (weapon)
You shoot a sling bullet. The sling bullet barely misses the bat.
The bat barely misses you.
a - a +0 hand axe (weapon)
You hit the bat.
You kill the bat!
b - a +0 sling (weapon)
Found a club.
e - 2 pink potions (gained 1)
You see here a +0 dagger.
Crazy Yiuf shouts!
a - a +0 hand axe (weapon)
Crazy Yiuf screams, "Paint!
Flower action foot."
You open the door. You hit Crazy Yiuf but do no damage.
Crazy Yiuf hits you with a +2 quarterstaff of chaos!
Crazy Yiuf freezes you.
You hit Crazy Yiuf but do no damage.
Crazy Yiuf hits you with a +2 quarterstaff of chaos!
You hit Crazy Yiuf but do no damage.
Crazy Yiuf says, "Crazy?
Crazy!?
PORCUPINE!"
Crazy Yiuf closely misses you.
You hit Crazy Yiuf but do no damage.
Crazy Yiuf hits you with a +2 quarterstaff of chaos!
* * * LOW HITPOINT WARNING * * *
You feel your power leaking away.
It was a potion of haste.
You feel yourself speed up.
Crazy Yiuf hits you with a +2 quarterstaff of chaos!
You die...

#........................>.#
##.........#############....#
##.........# #....#
##.........# ##### #....#
...........# #..)# ###....#
...........# #...# #.....##
.....#..#### ... #.....#
........## #g# #....>#
###.....)# ♣♣@♣ #.....#
#.(....### ♣.♣♣ #.))..#
###........# ♣♣.♣ #.....#
.......#.### ♣.♣♣ #....##
###........# ♣♣.♣♣ #...<#
####......## ♣...♣♣ #....#
...........# ♣....♣ #....#
###....#...# #....# #....##
##..####..###....####>....#


You could see Crazy Yiuf.

Vanquished Creatures
  A worm (D:2)
  3 bats (D:2)
  7 endoplasms
  3 giant cockroaches
  4 goblins
  3 hobgoblins
  4 quokkas
  5 ball pythons (D:1)
  4 frilled lizards
  6 kobolds
  5 rats
45 creatures vanquished.

Notes
Turn   | Place    | Note
-------+----------+-------------------------------------------
     0 | D:1      | porpoise the Hill Orc Monk began the quest for the Orb.
     0 | D:1      | Reached XP level 1. HP: 19/19 MP: 1/1
   146 | D:1      | Reached XP level 2. HP: 21/27 MP: 2/2
   293 | D:1      | Found a faded altar of an unknown god.
   388 | D:1      | Reached skill level 5 in Axes
   431 | D:1      | Reached XP level 3. HP: 33/33 MP: 3/3
   753 | D:2      | Found a runed translucent door.
   754 | D:2      | Noticed Crazy Yiuf
  1089 | D:2      | Found a sacrificial altar of Ru.
  1240 | D:2      | Mangled by Crazy Yiuf

Illustrated notes

Levels and vault maps discovered:
D:1:      shiori_arrival_oz, layout_basic,
          hellmonk_ecumenical_altar_leap_of_faith, chequers_decorated_corner,
          minmay_shallow_snake_nest
D:2:      layout_rooms, basic_altar, uniq_crazy_yiuf_cottage

Skill      XL: |  1  2 |
---------------+-------+-----
Fighting       | 4 |  4.3
Axes           | 5 |  5.6
Dodging        | |  2.4
Stealth        | |  1.5

Action                     || total
---------------------------++-------
  Melee: Hand axe          ||    68
   Fire: Sling             ||    89
    Use: Potion            ||     1
   Stab: Sleeping          ||     1
 Armour: Robe              ||     6
         Leather armour    ||    16
  Dodge: Dodged            ||    52

Table legend: (Time is in decaauts)
 A = Elapsed time spent in this place.
 B = Non-inter-level travel time spent in this place.
 C = Inter-level travel time spent in this place.
 D = Time resting spent in this place.
 E = Time spent auto-exploring this place.
 F = Levels seen in this place.
 G = Mean time per level.
                   A        B        C        D        E       F      G
               +--------+--------+--------+--------+--------+-----+--------+
         Total |   1263 |   1202 |     61 |     71 |    747 |   2 |  631.5 |
       Dungeon |   1263 |   1202 |     61 |     71 |    747 |   2 |  631.5 |
               +--------+--------+--------+--------+--------+-----+--------+

Top non-repeatable levels by time:
     D:1: 737 daAuts
     D:2: 526 daAuts
